[Event "fics rated crazyhouse match"]
[Site "fics, Oklahoma City, OK USA"]
[Date "2000.01.07"]
[White "krat"]
[WhiteElo "2100"]
[Black "Gobi"]
[BlackElo "2348"]
[TimeControl "60+0"]
[Result "0-1"]

1. e4 e5 2. Nc3 Nc6 3. Be2 Bc5 4. Nf3 Nge7 5. O-O Ng6 6. d3 
O-O 7. Nd5 d6 8. h3 Be6 9. Bg5 f6 10. Bd2 f5 11. exf5 Rxf5 
12. Ne3 Bxe3 13. Bxe3 P@d4 14. Bg5 Rxg5 15. Nxg5 Qxg5 16. B@g3 B@f4 17. R@h5 
Qf6 18. P@e3 dxe3 19. fxe3 Bxe3+ 20. P@f2 Bf4 21. Bg4 P@f5 22. Bxf5 Bxf5 
23. P@e4 Be6 24. Bxf4 Nxf4 25. B@h4 N@e2+ 26. Kh2 Qf7 27. Rg5 B@h6 28. Rg3 
P@g5 29. Bxg5 Nxg3 30. fxg3 Bxg5 31. Qf3 B@e2 32. Qf2 Bxf1 33. Rxf1 R@e2 
34. Qf3 Rxg2# 
{krat forfeits on time} 0-1

[Event "fics rated crazyhouse match"]
[Site "fics, Oklahoma City, OK USA"]
[Date "2000.01.07"]
[White "Gobi"]
[WhiteElo "2351"]
[Black "krat"]
[BlackElo "2095"]
[TimeControl "60+0"]
[Result "1-0"]

1. e4 e6 2. d4 Nc6 3. Be3 d5 4. e5 Nge7 5. Bd3 Nf5 6. Ne2 
Be7 7. Nbc3 O-O 8. O-O f6 9. Bxf5 exf5 10. f4 fxe5 11. dxe5 B@g4 
12. Nxd5 Bxe2 13. Nxe7+ Nxe7 14. Qxe2 N@e4 15. B@b3+ P@e6 16. B@h4 N@g6 17. Be1 
Nc6 18. P@d3 Nh4 19. dxe4 fxe4 20. Bxh4 Qxh4 21. f5 Nxe5 22. fxe6 P@f2+ 
23. Rxf2 P@f3 24. P@f7+ Kh8 25. gxf3 exf3 26. Rxf3 Nxf3+ 27. Qxf3 B@e4 28. N@f5 
Bxf3 29. Nxh4 R@h1+ 30. Kf2 Q@e2+ 31. Kg3 Qxh2+ 32. Kxf3 Qxh4 33. Q@g8+ Rxg8 
34. fxg8=Q+ Kxg8 35. B@f7+ Kf8 36. R@e8# 
{krat checkmated} 1-0

[Event "fics rated crazyhouse match"]
[Site "fics, Oklahoma City, OK USA"]
[Date "2000.01.07"]
[White "krat"]
[WhiteElo "2090"]
[Black "Gobi"]
[BlackElo "2354"]
[TimeControl "60+0"]
[Result "0-1"]

1. e4 Nf6 2. Nc3 e5 3. Be2 Nc6 4. Nf3 Bc5 5. O-O d6 6. h3 
Be6 7. d3 h6 8. Na4 O-O 9. Nxc5 dxc5 10. B@f5 N@d4 11. Bxe6 fxe6 
12. B@h4 B@f7 13. Re1 Nxf3+ 14. Bxf3 Nd4 15. c3 Nxf3+ 16. Qxf3 B@e7 17. Bxf6 
Bxf6 18. N@g4 B@h4 19. Nxf6+ Qxf6 20. Qxf6 Bxf6 21. N@g4 Bh5 22. N@d7 Bxg4 
23. hxg4 N@h4 24. B@h3 N@c2 25. Re2 Q@d1+ 26. B@f1 N@f3+ 27. gxf3 Nxf3+ 28. Kg2 
Nce1+ 29. Kg3 P@f4+ 30. Bxf4 exf4+ 31. Kxf4 B@g5+ 32. Kg3 Bh4+ 33. Kf4 Bfg5# 
{krat checkmated} 0-1

[Event "fics rated crazyhouse match"]
[Site "fics, Oklahoma City, OK USA"]
[Date "2000.01.07"]
[White "Gobi"]
[WhiteElo "2357"]
[Black "krat"]
[BlackElo "2085"]
[TimeControl "60+0"]
[Result "1-0"]

1. e4 e6 2. Nc3 d5 3. d4 dxe4 4. Nxe4 Nf6 5. Nxf6+ gxf6 6. Bf4 
Nc6 7. c3 N@d5 8. Bd2 Rg8 9. Nf3 Be7 10. N@h5 P@g7 11. Bd3 f5 
12. P@e4 Nf6 13. exf5 exf5 14. Ng5 Nxh5 15. Qxh5 Bxg5 16. Bxg5 P@f6 17. Qxh7 
N@e7 18. Bxf6 gxf6 19. N@g7+ Rxg7 20. Qxg7 N@e6 21. R@h8+ B@f8 22. Qxf6 N@d5 
23. Qh6 Qd6 24. P@g7 Nxg7 25. Qxg7 Qe6+ 26. P@e5 Kd7 27. Rxf8 P@d6 28. B@e8+ 
Kd8 29. Bxc6# 
{krat checkmated} 1-0

[Event "fics rated crazyhouse match"]
[Site "fics, Oklahoma City, OK USA"]
[Date "2000.01.07"]
[White "krat"]
[WhiteElo "2081"]
[Black "Gobi"]
[BlackElo "2360"]
[TimeControl "60+0"]
[Result "0-1"]

1. d4 Nc6 2. Nc3 e5 3. d5 Nce7 4. Nf3 Ng6 5. Bg5 Be7 6. Bxe7 
N8xe7 7. Ne4 d6 8. e3 O-O 9. Be2 Bf5 10. Ng3 B@e4 11. Nxf5 Bxf5 
12. B@h4 N@b4 13. Bxe7 Nxe7 14. N@b3 Nxc2+ 15. Kf1 Nxa1 16. Qxa1 P@d3 17. Bxd3 
Bxd3+ 18. P@e2 Bxe2+ 19. Kxe2 B@c4+ 20. B@d3 Bxd3+ 21. Kxd3 e4+ 22. Kxe4 B@f5+ 
23. Kd4 R@d3+ 24. Kc4 P@b5+ 25. Kxb5 c6+ 26. Kb4 a5+ 27. Ka3 B@b4+ 28. Ka4 
b5# 
{krat checkmated} 0-1

[Event "fics rated crazyhouse match"]
[Site "fics, Oklahoma City, OK USA"]
[Date "2000.01.07"]
[White "Gobi"]
[WhiteElo "2363"]
[Black "krat"]
[BlackElo "2077"]
[TimeControl "60+0"]
[Result "0-1"]

1. e4 e6 2. Nc3 d5 3. Nf3 dxe4 4. Nxe4 Nc6 5. Bb5 Bd7 6. d4 
Nf6 7. Neg5 Bb4+ 8. c3 Be7 9. O-O O-O 10. Re1 P@h6 11. Nh3 Ng4 
12. Nf4 Bg5 13. Nxg5 hxg5 14. Qxg4 gxf4 15. B@g5 f6 16. Bcxf4 N@g6 17. N@h5 
N@f5 18. P@e4 fxg5 19. Bxg5 B@e7 20. exf5 exf5 21. Bxe7 Ncxe7 22. B@e6+ Bxe6 
23. Qg5 B@f6 24. Nxf6+ Rxf6 25. Rxe6 Rxe6 26. B@b3 B@d5 27. N@f4 N@h3# 
{Gobi forfeits on time} 0-1

[Event "fics rated crazyhouse match"]
[Site "fics, Oklahoma City, OK USA"]
[Date "2000.01.07"]
[White "krat"]
[WhiteElo "2097"]
[Black "Gobi"]
[BlackElo "2350"]
[TimeControl "180+0"]
[Result "0-1"]

1. d4 Nf6 2. Nf3 d5 3. Nc3 Bf5 4. Bg5 Nbd7 5. e3 e6 6. Be2 
Be7 7. O-O a6 8. Nd2 O-O 9. f3 c5 10. dxc5 Bxc5 11. P@f2 h6 
12. Bh4 Rc8 13. e4 dxe4 14. fxe4 Bh7 15. Bxf6 Qxf6 16. N@g4 Qg5 17. h3 
P@g3 18. Nf3 gxf2+ 19. Kh1 Qxg4 20. hxg4 N@g3+ 21. Kh2 B@f4 22. Kh3 Nxf1 
23. Qxf1 R@g3+ 24. Kh4 P@g5# 
{krat resigns} 0-1

[Event "fics rated crazyhouse match"]
[Site "fics, Oklahoma City, OK USA"]
[Date "2000.01.07"]
[White "Gobi"]
[WhiteElo "2353"]
[Black "krat"]
[BlackElo "2093"]
[TimeControl "180+0"]
[Result "0-1"]

1. e4 e6 2. d4 d5 3. Nc3 Nc6 4. Be3 Bb4 5. Bd3 Nge7 6. Ne2 
dxe4 7. Bxe4 P@f5 8. Bf3 Bd7 9. O-O Bxc3 10. Nxc3 Rg8 11. B@g3 N@d5 
12. Nxd5 Nxd5 13. P@e4 Nxe3 14. fxe3 N@g5 15. N@c5 fxe4 16. Bxe4 Nxe4 17. Nxe4 
B@d5 18. N@f6+ gxf6 19. Nxf6+ Qxf6 20. Rxf6 B@g5 21. N@g4 N@e4 22. Rf3 Nxg3 
23. hxg3 P@e7 24. Rxf7 B@g6 25. Rf3 Bxf3 26. Qxf3 R@f5 27. B@f4 Bxf4 28. gxf4 
N@h4 29. Qg3 Nxg2 30. Qxg2 B@h5 31. N@h6 Rgf8 32. N@g7+ Kd8 33. Nhxf5 Bxf5 
34. Nxf5 Bxg4 35. P@g7 N@e2+ 36. Qxe2 N@h3+ 37. Kh2 Re8 38. P@f7 Bxe2 39. fxe8=Q+ 
Bxe8 40. B@d5 Q@f2+ 41. Kxh3 P@g4# 
{Gobi checkmated} 0-1

[Event "fics rated crazyhouse match"]
[Site "fics, Oklahoma City, OK USA"]
[Date "2000.01.07"]
[White "krat"]
[WhiteElo "2112"]
[Black "Gobi"]
[BlackElo "2340"]
[TimeControl "180+0"]
[Result "0-1"]

1. d4 Nf6 2. Nc3 d5 3. Bg5 Bf5 4. Nf3 Nbd7 5. e3 e6 6. Be2 
a6 7. Ne5 Be7 8. Nxd7 Nxd7 9. Bxe7 Qxe7 10. N@e5 N@h4 11. Rg1 B@d6 
12. B@g3 Ng6 13. Nxg6 hxg6 14. Bxd6 Qxd6 15. B@g3 Qb6 16. N@e5 Nf6 17. Rb1 
N@b4 18. Bd3 Bxd3 19. Nxd3 B@a5 20. B@c5 Nxd3+ 21. cxd3 Qb5 22. a4 Qd7 
23. N@e5 Qd8 24. b4 Bb6 25. Bxb6 cxb6 26. Nxf7 Kxf7 27. B@c7 Qc8 28. P@g5 
Ne8 29. Nxd5 exd5 30. P@d6 B@c3+ 31. Ke2 N@f5 32. Be5 N@g4 33. e4 Nxe5 
34. exf5 B@h5+ 35. f3 Qxf5 36. Kf1 N@e3+ 37. Ke2 Nxd1 38. Kxd1 Q@d2# 
{krat checkmated} 0-1

[Event "fics rated crazyhouse match"]
[Site "fics, Oklahoma City, OK USA"]
[Date "2001.01.07"]
[White "liveZ"]
[WhiteElo "2344"]
[Black "VABORIS"]
[BlackElo "2357"]
[TimeControl "60+0"]
[Result "0-1"]

1. e4 e6 2. d4 Nc6 3. Nf3 Nf6 4. Bg5 Bb4+ 5. c3 Be7 6. Nbd2 
Ng4 7. Bxe7 Qxe7 8. Bb5 Nxf2 9. Kxf2 P@f4 10. Rf1 B@e3+ 11. Ke2 d5 
12. e5 Bd7 13. Bd3 O-O 14. N@g5 h6 15. B@f6 gxf6 16. exf6 Qxf6 17. P@e5 
Qg7 18. h4 hxg5 19. hxg5 N@g3+ 20. Ke1 P@f2+ 21. Rxf2 Bxf2+ 22. Kxf2 B@e3+ 
23. Ke1 Qxg5 24. P@f2 Bxf2+ 25. Kxf2 P@e3+ 26. Kg1 R@h1# 
{liveZ checkmated} 0-1

[Event "fics rated crazyhouse match"]
[Site "fics, Oklahoma City, OK USA"]
[Date "2001.01.07"]
[White "VABORIS"]
[WhiteElo "2365"]
[Black "liveZ"]
[BlackElo "2336"]
[TimeControl "60+0"]
[Result "1-0"]

1. e4 e6 2. d4 Nc6 3. Be3 Nf6 4. Bd3 d6 5. Nc3 Be7 6. Nf3 
e5 7. d5 Nb8 8. O-O Bg4 9. h3 Bh5 10. Be2 Bg6 11. Bd3 Nbd7 
12. Ne2 Bh5 13. Ng3 O-O 14. Nxh5 Nxh5 15. B@g4 Nf4 16. Bxf4 exf4 17. Qd2 
B@g5 18. Bxd7 Qxd7 19. e5 dxe5 20. Nxe5 Qxd5 21. Bxh7+ Kxh7 22. Qxd5 P@g3 
23. fxg3 fxg3 24. Nxf7 B@b6+ 25. P@d4 P@f2+ 26. Kh1 P@e2 27. P@g6+ Kxg6 28. P@h5+ 
Kh7 29. Nxg5+ Bxg5 30. B@g6+ Kh6 31. Q@h7# 
{liveZ checkmated} 1-0

[Event "fics rated crazyhouse match"]
[Site "fics, Oklahoma City, OK USA"]
[Date "2001.01.07"]
[White "liveZ"]
[WhiteElo "2329"]
[Black "VABORIS"]
[BlackElo "2372"]
[TimeControl "60+0"]
[Result "0-1"]

1. e3 e6 2. d4 Nc6 3. Nf3 Nf6 4. Be2 d5 5. O-O Be7 6. c4 
dxc4 7. Bxc4 P@d5 8. Bb5 O-O 9. Bxc6 bxc6 10. Ne5 B@d7 11. Nc3 Bd6 
12. f3 Qe7 13. e4 dxe4 14. fxe4 Bxe5 15. dxe5 P@b4 16. exf6 gxf6 17. P@g7 
bxc3 18. gxf8=Q+ Qxf8 19. N@h6+ Kh8 20. R@g8+ Qxg8 21. Nxg8 R@g6 22. P@g5 Rxg8 
23. B@h6 P@g7 24. gxf6 gxf6 25. P@g7+ Rxg7 26. Bxg7+ Kxg7 27. R@h8 Kxh8 28. N@h6 
B@b6+ 29. Kh1 R@g1# 
{liveZ resigns} 0-1

[Event "fics rated crazyhouse match"]
[Site "fics, Oklahoma City, OK USA"]
[Date "2001.01.07"]
[White "VABORIS"]
[WhiteElo "2379"]
[Black "liveZ"]
[BlackElo "2322"]
[TimeControl "60+0"]
[Result "0-1"]

1. e4 e6 2. d4 Nc6 3. Be3 Nf6 4. Bd3 d5 5. e5 Ne4 6. Nh3 
Bb4+ 7. c3 Be7 8. O-O O-O 9. f3 Ng5 10. Nxg5 Bxg5 11. f4 Bh4 
12. Qg4 f5 13. exf6 Bxf6 14. Bxh7+ Kxh7 15. f5 exf5 16. Qh5+ P@h6 17. P@g6+ 
Kg8 18. Bxh6 gxh6 19. Qxh6 N@g5 20. P@h7+ Kh8 21. N@h5 B@g7 22. Nxg7 Bxg7 
23. Qh5 B@e3+ 24. P@f2 N@f4 25. Qh4 Bxf2+ 26. Qxf2 P@e2 27. Qxf4 exf1=Q+ 28. Qxf1 
f4 29. N@f7+ Nxf7 30. gxf7 Rxf7 31. N@g6+ Kxh7 32. Nh4 P@g6 33. P@h5 P@f2+ 
34. Qxf2 R@c1+ 35. B@f1 N@f8 36. hxg6+ Nxg6 37. Nxg6 Kxg6 38. P@h5+ Kh7 39. P@g6+ 
Kh8 40. gxf7 N@e2+ 41. Qxe2 Rxf1+ 42. Qxf1 B@f2+ 43. Qxf2 Qe7 
{VABORIS forfeits on time} 0-1

[Event "fics rated crazyhouse match"]
[Site "fics, Oklahoma City, OK USA"]
[Date "2001.01.07"]
[White "liveZ"]
[WhiteElo "2331"]
[Black "VABORIS"]
[BlackElo "2370"]
[TimeControl "60+0"]
[Result "1-0"]

1. e4 e6 2. d4 Nc6 3. Nf3 Nf6 4. Bg5 Bb4+ 5. Nbd2 h6 6. Bh4 
Be7 7. Be2 d5 8. Bxf6 Bxf6 9. e5 Bg5 10. Nxg5 Qxg5 11. Rg1 N@h4 
12. N@f3 Nxg2+ 13. Kf1 B@h3 14. Nxg5 hxg5 15. Bf3 Ne3+ 16. Ke2 Nxd1 17. Kxd1 
P@c3 18. bxc3 Q@b2 19. Rb1 Qxc3 20. N@b5 Qa5 21. P@d6 O-O 22. dxc7 a6 
23. P@f6 axb5 24. fxg7 N@c3+ 25. Ke1 N@g6 26. gxf8=Q+ Kxf8 27. B@h6+ P@g7 28. R@d8+ 
Nxd8 29. Bxg7+ Kxg7 30. P@f6+ Kh7 31. Q@g7# 
{VABORIS checkmated} 1-0

[Event "fics rated crazyhouse match"]
[Site "fics, Oklahoma City, OK USA"]
[Date "2001.01.07"]
[White "VABORIS"]
[WhiteElo "2361"]
[Black "liveZ"]
[BlackElo "2340"]
[TimeControl "60+0"]
[Result "1-0"]

1. e4 e6 2. d4 Nc6 3. Be3 Nf6 4. Bd3 d5 5. e5 Ne4 6. Nh3 
Bb4+ 7. c3 Be7 8. O-O O-O 9. f3 Ng5 10. Bxg5 Bxg5 11. f4 Bh4 
12. Bxh7+ Kxh7 13. Qh5+ B@h6 14. N@g5+ Bxg5 15. Nxg5+ Kg8 16. B@f6 gxf6 17. Qxh6 
B@g6 18. P@h7# 
{liveZ resigns} 1-0

[Event "fics rated crazyhouse match"]
[Site "fics, Oklahoma City, OK USA"]
[Date "2001.01.07"]
[White "liveZ"]
[WhiteElo "2332"]
[Black "VABORIS"]
[BlackElo "2369"]
[TimeControl "60+0"]
[Result "1-0"]

1. e4 e6 2. d4 Nc6 3. Nf3 Nf6 4. Bg5 Bb4+ 5. c3 Be7 6. Bd3 
d5 7. Bxf6 Bxf6 8. e5 Be7 9. N@h5 B@f8 10. O-O f6 11. Nbd2 fxe5 
12. Nxe5 Nxe5 13. dxe5 P@g6 14. Nf4 Bg5 15. Nxg6 hxg6 16. Bxg6+ N@f7 17. Nf3 
Bf4 18. P@g3 Bh6 19. P@f4 Be7 20. P@g5 Bhxg5 21. fxg5 Bxg5 22. B@h5 N@h6 
23. Nxg5 Qxg5 24. B@f4 Qxf4 25. gxf4 Bd7 26. Bxf7+ Nxf7 27. Bxf7+ Kxf7 28. N@g5+ 
Ke7 29. Q@f7+ Kd8 30. Qxg7 Re8 31. P@f7 Re7 32. f8=Q+ B@e8 33. Qfxe7+ Kc8 
34. R@d8# 
{VABORIS checkmated} 1-0

[Event "fics rated crazyhouse match"]
[Site "fics, Oklahoma City, OK USA"]
[Date "2001.01.07"]
[White "VABORIS"]
[WhiteElo "2360"]
[Black "liveZ"]
[BlackElo "2341"]
[TimeControl "60+0"]
[Result "1-0"]

1. e4 e6 2. d4 Nc6 3. Be3 Nf6 4. Bd3 Be7 5. Nd2 O-O 6. Ngf3 
Ng4 7. O-O d5 8. e5 Nb4 9. h3 Nxe3 10. fxe3 Nxd3 11. cxd3 B@h5 
12. Qe1 B@h4 13. Nxh4 Bxh4 14. B@g3 Bxg3 15. Qxg3 Bg6 16. B@f6 gxf6 17. N@h6+ 
Kh8 18. exf6 Qxf6 19. Rxf6 P@g7 20. P@e7 N@e2+ 21. Kh2 Bd7 22. exf8=Q+ Rxf8 
23. Qxg6 hxg6 24. R@g8+ Rxg8 25. Nxf7+ Kh7 26. N@g5# 
{liveZ checkmated} 1-0

[Event "fics rated crazyhouse match"]
[Site "fics, Oklahoma City, OK USA"]
[Date "2001.01.07"]
[White "liveZ"]
[WhiteElo "2333"]
[Black "VABORIS"]
[BlackElo "2368"]
[TimeControl "60+0"]
[Result "1-0"]

1. e4 b6 2. d4 Bb7 3. Bd3 e6 4. Nc3 Nf6 5. Bg5 Be7 6. Nf3 
d5 7. e5 Ne4 8. Bxe7 Qxe7 9. O-O Nxc3 10. bxc3 B@e4 11. N@h5 Rg8 
12. B@g5 Qd7 13. Bf6 gxf6 14. Nxf6+ Kf8 15. Nxh7+ Bxh7 16. Bxh7 Rxg2+ 17. Kxg2 
N@f4+ 18. Kg3 N@h5+ 19. Kh4 B@d8+ 20. P@g5 P@h6 21. P@f6 hxg5+ 22. Nxg5 Nxf6 
23. exf6 Bxf6 24. B@h6+ P@g7 25. Qg4 gxh6 26. R@g8+ Ke7 27. N@e5 hxg5+ 28. Rxg5 
Bxg5+ 29. Qxg5+ B@f6 30. Qxf6+ Kxf6 31. Nxd7+ Ke7 32. B@f6+ Kxd7 33. B@e8+ Kc8 
34. Q@d8# 
{VABORIS checkmated} 1-0

[Event "fics rated crazyhouse match"]
[Site "fics, Oklahoma City, OK USA"]
[Date "2001.01.07"]
[White "VABORIS"]
[WhiteElo "2359"]
[Black "liveZ"]
[BlackElo "2342"]
[TimeControl "60+0"]
[Result "0-1"]

1. e4 e6 2. d4 Nc6 3. Be3 d5 4. e5 Nge7 5. Nh3 Nf5 6. Be2 
Bb4+ 7. c3 Be7 8. O-O O-O 9. Nd2 f6 10. exf6 Bxf6 11. P@e5 Be7 
12. Bd3 P@e4 13. Nxe4 dxe4 14. Bxe4 Bd7 15. d5 exd5 16. Bxd5+ P@e6 17. Be4 
N@d5 18. Bxd5 exd5 19. Qxd5+ B@e6 20. Qd1 Nxe5 21. f4 Nc4 22. Bc1 Bc6 
23. Qxd8 Raxd8 24. N@e5 Bxg2 25. Kxg2 Nh4+ 26. Kf2 Q@g2+ 27. Ke1 P@d2+ 28. Kd1 
dxc1=Q+ 29. Kxc1 Qxf1+ 30. Kc2 R@e2+ 31. Kb3 B@c2# 
{VABORIS checkmated} 0-1

[Event "fics rated crazyhouse match"]
[Site "fics, Oklahoma City, OK USA"]
[Date "2001.01.07"]
[White "liveZ"]
[WhiteElo "2350"]
[Black "VABORIS"]
[BlackElo "2351"]
[TimeControl "60+0"]
[Result "1-0"]

1. e4 e5 2. Nf3 Nc6 3. Bb5 Bc5 4. O-O d6 5. c3 Nf6 6. d4 
exd4 7. cxd4 Bb6 8. e5 dxe5 9. Nxe5 O-O 10. Bxc6 bxc6 11. Nxc6 Qd6 
12. P@e5 Qxc6 13. N@e7+ Kh8 14. Nxc6 Nd5 15. P@h6 Rg8 16. P@f6 gxf6 17. exf6 
N@h3+ 18. Kh1 Rxg2 19. P@g7# 
{VABORIS resigns} 1-0

[Event "fics rated crazyhouse match"]
[Site "fics, Oklahoma City, OK USA"]
[Date "2001.01.07"]
[White "VABORIS"]
[WhiteElo "2343"]
[Black "liveZ"]
[BlackElo "2358"]
[TimeControl "60+0"]
[Result "0-1"]

1. e4 e6 2. d4 d5 3. e5 c5 4. c3 Nc6 5. Bb5 Bd7 6. Bxc6 
Bxc6 7. Nh3 Bb5 8. a4 Bc4 9. Nd2 cxd4 10. Nxc4 dxc4 11. O-O d3 
12. B@b5+ B@c6 13. Bxc4 P@e2 14. Bxd3 exd1=Q 15. Rxd1 Bc5 16. N@h5 Qxd3 17. Nxg7+ 
Kf8 18. Nxe6+ Ke7 19. P@f6+ Kxe6 20. Rxd3 Q@e1+ 21. Q@f1 N@e2+ 22. Kh1 Qxf1# 
{VABORIS resigns} 0-1

[Event "fics rated crazyhouse match"]
[Site "fics, Oklahoma City, OK USA"]
[Date "2001.01.07"]
[White "liveZ"]
[WhiteElo "2366"]
[Black "VABORIS"]
[BlackElo "2335"]
[TimeControl "60+0"]
[Result "1-0"]

1. e4 d5 2. exd5 e6 3. dxe6 Bxe6 4. d4 Nf6 5. Nf3 Nc6 6. Bb5 
Bb4+ 7. P@c3 Qe7 8. O-O Ba5 9. Ne5 P@d7 10. Bxc6 bxc6 11. Bg5 h6 
12. Bxf6 Qxf6 13. Nd2 B@g6 14. Ndf3 O-O 15. Nxg6 fxg6 16. B@e5 Qf7 17. N@f4 
B@g4 18. Nxe6 dxe6 19. B@e2 Bxc3 20. bxc3 P@e4 21. P@f6 gxf6 22. Bxf6 Qxf6 
23. P@e5 Qf7 24. N@f6+ Kh8 25. Nxg4 exf3 26. B@f6+ P@g7 27. Bxg7+ Qxg7 28. B@f6 
Rxf6 29. exf6 Qxf6 30. Nxf6 P@h7 31. Bxf3 B@f7 32. P@b7 Rf8 33. R@c8 Rxc8 
34. bxc8=Q+ B@g8 35. Q@f8 R@g7 36. Nxg8 Rxg8 37. Qxg8+ Bxg8 38. Qxg8+ Kxg8 39. R@d8+ 
Kf7 40. R@f8+ Ke7 41. B@f6# 
{VABORIS checkmated} 1-0

[Event "fics rated crazyhouse match"]
[Site "fics, Oklahoma City, OK USA"]
[Date "2001.01.07"]
[White "VABORIS"]
[WhiteElo "2328"]
[Black "liveZ"]
[BlackElo "2373"]
[TimeControl "60+0"]
[Result "0-1"]

1. e4 e6 2. d4 Nc6 3. d5 exd5 4. exd5 Ne5 5. Bf4 Ng6 6. Be3 
P@f4 7. Bd2 Nf6 8. Bd3 Nxd5 9. Bxg6 hxg6 10. P@e4 P@e3 11. exd5 exf2+ 
12. Kxf2 Qh4+ 13. Kf1 P@e3 14. Be1 B@f2 15. Nf3 Bxe1 16. Nxh4 Bxh4 17. N@b5 
B@b6 18. N@c4 Bg3 19. Nxb6 axb6 20. Nxc7+ Kd8 21. Nxa8 Bd6 22. B@g5+ f6 
23. P@c7+ Bxc7 24. Nxc7 Bxh2 25. P@e7+ Kxe7 26. d6+ Kf7 27. Q@e7+ Kg8 28. R@f8+ 
Kh7 29. Rxh8+ Kxh8 30. Rxh2+ P@h5 31. R@f8+ N@g8 32. Rxg8+ Kxg8 33. Qe8+ Kh7 
34. B@g8+ Kh8 35. Bxf6 N@g3+ 36. Kg1 P@f2# 
{VABORIS checkmated} 0-1

[Event "fics rated crazyhouse match"]
[Site "fics, Oklahoma City, OK USA"]
[Date "2001.01.07"]
[White "RFrancisco"]
[WhiteElo "2404"]
[Black "VABORIS"]
[BlackElo "2321"]
[TimeControl "60+0"]
[Result "1-0"]

1. e4 d5 2. exd5 e5 3. Nf3 Bd6 4. Bc4 Nf6 5. O-O O-O 6. d3 
Nbd7 7. Nc3 Nb6 8. P@h6 gxh6 9. Bxh6 Re8 10. Ne4 Nxe4 11. dxe4 Bg4 
12. P@g5 N@d4 13. N@f6+ Kh8 14. Nxe5 P@g7 15. Bxg7+ Kxg7 16. Qxg4 Bxe5 17. B@h6+ 
Kh8 18. P@g7# 
{VABORIS checkmated} 1-0

[Event "fics rated crazyhouse match"]
[Site "fics, Oklahoma City, OK USA"]
[Date "2001.01.07"]
[White "VABORIS"]
[WhiteElo "2315"]
[Black "RFrancisco"]
[BlackElo "2410"]
[TimeControl "60+0"]
[Result "0-1"]

1. e4 e5 2. Bc4 Nc6 3. d3 Bc5 4. Nf3 Nf6 5. O-O O-O 6. Bg5 
d6 7. Nc3 Bg4 8. Nd5 Nxd5 9. Bxd8 Nf4 10. Bg5 Nxg2 11. Kxg2 h6 
12. Bh4 N@f4+ 13. Kh1 P@g2+ 14. Kg1 gxf1=Q+ 15. Qxf1 Bxf3 16. P@g2 Nxg2 17. Qxg2 
Bxg2 18. N@f6+ gxf6 19. N@f5 N@f3+ 20. Kxg2 N@f4+ 21. Kxf3 Q@g2# 
{VABORIS checkmated} 0-1

[Event "fics rated crazyhouse match"]
[Site "fics, Oklahoma City, OK USA"]
[Date "2001.01.07"]
[White "RFrancisco"]
[WhiteElo "2416"]
[Black "VABORIS"]
[BlackElo "2309"]
[TimeControl "60+0"]
[Result "1-0"]

1. e4 d6 2. d4 e5 3. Nf3 Nc6 4. d5 Nf6 5. Nc3 Nd4 6. Nxd4 
exd4 7. Qxd4 Be7 8. P@h6 Rg8 9. Bb5+ Bd7 10. Bxd7+ Qxd7 11. hxg7 B@e5 
12. Qb4 Bxc3+ 13. bxc3 N@h4 14. Qxb7 Nxg2+ 15. Kd1 P@e2+ 16. Kxe2 N@f4+ 17. Kd1 
Rd8 18. P@c6 Qc8 19. Qxc8 Rxc8 20. P@d7# 
{VABORIS resigns} 1-0

[Event "fics rated crazyhouse match"]
[Site "fics, Oklahoma City, OK USA"]
[Date "2000.01.08"]
[White "pminear"]
[WhiteElo "2333"]
[Black "LINDEGREN"]
[BlackElo "2266"]
[TimeControl "120+0"]
[Result "0-1"]

1. e4 Nf6 2. Nc3 e6 3. e5 Nd5 4. Nxd5 exd5 5. d4 d6 6. Nf3 
Nc6 7. Bb5 Bd7 8. Qe2 N@e4 9. c4 a6 10. cxd5 axb5 11. dxc6 Bxc6 
12. exd6 Bxd6 13. N@c3 Qe7 14. N@f5 Nxc3 15. Nxd6+ cxd6 16. Qxe7+ Kxe7 17. Bg5+ 
B@f6 18. bxc3 N@c2+ 19. Ke2 Bxf3+ 20. Kxf3 P@e4+ 21. Kxe4 Q@e2+ 22. N@e3 d5+ 
23. Kxd5 Rhd8+ 24. Kc5 N@a4# 
{pminear checkmated} 0-1

[Event "fics rated crazyhouse match"]
[Site "fics, Oklahoma City, OK USA"]
[Date "2000.01.08"]
[White "LINDEGREN"]
[WhiteElo "2276"]
[Black "pminear"]
[BlackElo "2323"]
[TimeControl "120+0"]
[Result "1-0"]

1. e4 e5 2. Nf3 Nc6 3. Bc4 Bc5 4. O-O Nf6 5. d3 d5 6. exd5 
Nxd5 7. Bxd5 Qxd5 8. Nc3 Qd8 9. P@b5 P@g4 10. bxc6 gxf3 11. Qxf3 B@g4 
12. P@d7+ Bcxd7 13. cxd7+ Qxd7 14. Qg3 P@f4 15. Bxf4 exf4 16. Qxf4 O-O 17. P@f6 
gxf6 18. N@h6+ Kh8 19. P@g7+ Kxg7 20. Nxg4 B@g5 21. N@h5+ Kg6 22. B@e4+ Kxh5 
23. Nxf6+ Kh6 24. Nxd7 Bxf4 25. Q@f6+ N@g6 26. B@g7+ Kh5 27. P@g4+ Kxg4 28. Bf3# 
{pminear checkmated} 1-0

[Event "fics rated crazyhouse match"]
[Site "fics, Oklahoma City, OK USA"]
[Date "2000.01.08"]
[White "pminear"]
[WhiteElo "2314"]
[Black "LINDEGREN"]
[BlackElo "2285"]
[TimeControl "120+0"]
[Result "0-1"]

1. e4 Nf6 2. Nc3 e6 3. e5 Nd5 4. Ne4 d6 5. d4 Nc6 6. Nf3 
Be7 7. c4 Nb6 8. Bf4 d5 9. cxd5 exd5 10. Neg5 O-O 11. Bd3 P@e4 
12. Bxe4 dxe4 13. Nxe4 f5 14. exf6 Bxf6 15. Nxf6+ Rxf6 16. B@g5 Qe7+ 17. P@e5 
Nd5 18. Bxf6 gxf6 19. Bh6 P@g7 20. Bxg7 Kxg7 21. R@g3+ B@g6 22. P@h5 B@h6 
23. hxg6 hxg6 24. P@g5 Bxg5 25. Nxg5 fxg5 26. O-O N@e4 27. P@f6+ Ndxf6 28. exf6+ 
Nxf6 29. Rxg5 P@h6 30. Rxg6+ Kxg6 31. N@h4+ Kg7 32. P@e5 B@f7 33. exf6+ Qxf6 
34. P@e5 Nxe5 
{pminear forfeits on time} 0-1

[Event "fics rated crazyhouse match"]
[Site "fics, Oklahoma City, OK USA"]
[Date "2000.01.08"]
[White "LINDEGREN"]
[WhiteElo "2294"]
[Black "pminear"]
[BlackElo "2305"]
[TimeControl "120+0"]
[Result "0-1"]

1. e4 e5 2. Nf3 Nc6 3. Nc3 Bc5 4. Bc4 Nf6 5. O-O d6 6. d3 
Bg4 7. Be3 Nd4 8. Bxd4 Bxd4 9. Nd5 Nxd5 10. exd5 Bxf3 11. Qxf3 N@h4 
12. Qg4 B@g6 13. B@g5 Qxg5 14. Qxg5 N@f3+ 15. Kh1 Nxg5 16. N@g4 B@f3 17. N@f6+ 
Kf8 18. Rg1 gxf6 19. Nxf6 Nxg2 20. Nd7+ Ke7 21. P@f6+ Kxd7 22. Bb5+ Kc8 
23. h3 Nh4+ 24. Kh2 Bxf2 25. Q@d7+ Kb8 
{LINDEGREN forfeits on time} 0-1

[Event "fics rated crazyhouse match"]
[Site "fics, Oklahoma City, OK USA"]
[Date "2000.01.08"]
[White "pminear"]
[WhiteElo "2313"]
[Black "LINDEGREN"]
[BlackElo "2286"]
[TimeControl "120+0"]
[Result "1-0"]

1. e4 Nf6 2. Nc3 e6 3. e5 Nd5 4. Ne4 Nc6 5. Nf3 d6 6. d4 
dxe5 7. Nxe5 P@f6 8. Nxc6 bxc6 9. c4 Nb4 10. N@e3 e5 11. dxe5 Qxd1+ 
12. Kxd1 fxe5 13. Q@d2 P@d4 14. P@d6 dxe3 15. Qxb4 cxd6 16. Bxe3 N@a6 17. Nxd6+ 
Bxd6 18. Qxd6 P@c2+ 19. Ke1 N@c5 20. Bxc5 Q@e4+ 21. P@e3 N@f5 22. N@f6+ gxf6 
23. N@g7# 
{LINDEGREN resigns} 1-0

[Event "fics rated crazyhouse match"]
[Site "fics, Oklahoma City, OK USA"]
[Date "2000.01.08"]
[White "LINDEGREN"]
[WhiteElo "2279"]
[Black "pminear"]
[BlackElo "2320"]
[TimeControl "120+0"]
[Result "1-0"]

1. e4 e5 2. Nf3 Nc6 3. Bc4 Bc5 4. O-O Nf6 5. d3 d5 6. exd5 
Nxd5 7. Bxd5 Qxd5 8. Nc3 Qd8 9. P@b5 P@g4 10. bxc6 gxf3 11. Qxf3 B@g4 
12. P@d7+ Bcxd7 13. cxd7+ Qxd7 14. Qg3 P@d4 15. Qxe5+ N@e6 16. Ne4 f6 17. Nxc5 
fxe5 18. Nxd7 Kxd7 19. P@d5 P@h3 20. B@b5+ Ke7 21. B@g5+ Kf8 22. Q@e7+ Kg8 
23. N@f6+ gxf6 24. N@h6# 
{pminear checkmated} 1-0